[Event "Titled Tuesday Blitz August 22 Early 2023"]
[White "Krzyzanowski, Marcin"]
[Black "Gontcharov, Vladislav"]
[WhiteFideId "1132199"]
[BlackFideId "4123492"]
[WhiteElo "2782"]
[BlackElo "2578"]
[Result "0-1"]
[Round "10"]
[TimeControl "180+1"]
[Date "2023.08.22"]
[WhiteClock "0:00:04"]
[BlackClock "0:00:04"]
[Board "41"]

1. Nf3 Nf6 2. g3 c5 3. Bg2 d5 4. O-O Nc6 5. c4 d4 6. d3 e5 7. e3 Be7 8. Na3 O-O 9. Nc2 a5 10. e4 h6 11. Na3 Nh7 12. Nb5 Bg4 13. h3 Bxf3 14. Bxf3 Bg5 15. Bg2 Bxc1 16. Rxc1 Na7 17. f4 Nxb5 18. cxb5 b6 19. fxe5 Qe7 20. Qh5 a4 21. h4 Ra5 22. Rf2 Rxb5 23. Bh3 c4 24. Rxc4 Rxe5 25. Qf3 Rd8 26. Rfc2 Rc5 27. Rxc5 bxc5 28. Qf5 Rb8 29. e5 Nf8 30. h5 Ne6 31. Bg2 Rd8 32. Re2 Ng5 33. Bc6 Qa7 34. Bb5 Qa5 35. Bc4 Qc7 36. Kf2 Re8 37. Kg2 Ne6 38. Qe4 Ng5 39. Qd5 Rd8 40. e6 Rxd5 41. e7 Rd8 42. exd8=Q+ Qxd8 43. Kf2 Qb6 44. Ke1 Kh7 45. Kd1 g6 46. hxg6+ Kxg6 47. Kc2 Qd6 48. g4 Qf4 49. Bb5 Qxg4 50. Re8 Qg2+ 51. Kc1 h5 52. Bxa4 h4 53. Bd7 Qd5 54. Rg8+ Kf6 55. Bb5 Qxa2 56. Bc4 Qa1+ 57. Kc2 Qa7 58. Rh8 h3 59. Rh6+ Kg7 60. Rh5 Kg6 61. Rh4 Qe7 62. Bd5 Qe2+ 63. Kc1 Qxd3 64. b4 Qc3+ 65. Kb1 Qxb4+ 66. Ka1 Qc3+ 67. Kb1 d3 68. Be4+ Nxe4 69. Rxh3 Nd2+ 70. Ka2 Qb3+ 71. Ka1 Qa3# 0-1


[Site "https://www.chess.com"]

[Event "Titled Tuesday Blitz August 22 Early 2023"]
[White "Kushko, Dmitriy"]
[Black "ArtemDyachuk"]
[WhiteFideId "14162261"]
[WhiteElo "2767"]
[BlackElo "2553"]
[Result "1-0"]
[Round "10"]
[TimeControl "180+1"]
[Date "2023.08.22"]
[WhiteClock "0:00:03"]
[BlackClock "0:00:00"]
[Board "42"]

1. Nf3 Nf6 2. g3 b5 3. Na3 b4 4. Nc4 Bb7 5. a3 c5 6. axb4 cxb4 7. Na5 Bd5 8. Bg2 e6 9. d3 Nc6 10. Nc4 Bc5 11. O-O Ne7 12. b3 h5 13. Bb2 h4 14. e4 hxg3 15. hxg3 Bc6 16. d4 Bb6 17. Nd6+ Kf8 18. Ng5 Qc7 19. Ngxf7 Rh7 20. d5 Bb5 21. Re1 Qc5 22. Qf3 Kg8 23. Nxb5 Rf8 24. dxe6 dxe6 25. Nbd6 Ng4 26. Re2 Nxf2 27. Rxf2 Ng6 28. Rf1 Qxc2 29. Ba1 Qa2 30. e5 Qa3 31. Qe4 Qa5 32. Qxg6 Bxf2+ 33. Rxf2 Qxa1+ 34. Rf1 Qd4+ 35. Rf2 Qd1+ 36. Bf1 Qh5 37. Nh6+ Qxh6 38. Rxf8+ 1-0


[Site "https://www.chess.com"]

[Event "Titled Tuesday Blitz August 22 Early 2023"]
[White "Wagner, Dennis"]
[Black "Maus7"]
[WhiteFideId "24650684"]
[WhiteElo "2750"]
[BlackElo "2548"]
[Result "1-0"]
[Round "10"]
[TimeControl "180+1"]
[Date "2023.08.22"]
[WhiteClock "0:02:02"]
[BlackClock "0:00:02"]
[Board "43"]

1. d4 Nf6 2. Nf3 d5 3. c4 e6 4. g3 dxc4 5. Bg2 a6 6. O-O Nc6 7. a4 Rb8 8. a5 Bb4 9. Na3 Nxa5 10. Nxc4 Nxc4 11. Qa4+ b5 12. Qxb4 Nd5 13. Qc5 Qd6 14. b3 Ncb6 15. e4 Nb4 16. Qc3 Nc6 17. Bf4 Qd7 18. d5 exd5 19. exd5 Nxd5 20. Qxg7 Rf8 21. Rfe1+ Nde7 22. Bh6 1-0


[Site "https://www.chess.com"]

[Event "Titled Tuesday Blitz August 22 Early 2023"]
[White "LeoLV10"]
[Black "Preotu, Razvan"]
[BlackFideId "2613280"]
[WhiteElo "2491"]
[BlackElo "2717"]
[Result "0-1"]
[Round "10"]
[TimeControl "180+1"]
[Date "2023.08.22"]
[WhiteClock "0:00:06"]
[BlackClock "0:00:08"]
[Board "44"]

1. e4 c5 2. Nf3 d6 3. d4 cxd4 4. Nxd4 Nf6 5. Nc3 a6 6. Bg5 e6 7. f4 Be7 8. Qf3 Qc7 9. O-O-O Nbd7 10. g4 b5 11. a3 Rb8 12. h4 b4 13. axb4 Rxb4 14. Nb3 Bb7 15. Rd4 Rxd4 16. Nxd4 Nc5 17. Bd3 h6 18. Bxf6 Bxf6 19. Nde2 Qa5 20. Kb1 Qb4 21. g5 hxg5 22. hxg5 Rxh1+ 23. Qxh1 Bxc3 24. Nxc3 Qd4 25. Ne2 Qe3 26. Qh8+ Ke7 27. Nc1 Bxe4 28. Qxg7 Nxd3 29. Qf6+ Ke8 30. cxd3 Bxd3+ 31. Nxd3 Qxd3+ 32. Ka2 Qd5+ 33. Ka3 a5 34. Qh8+ Kd7 35. Qf6 e5 36. fxe5 dxe5 37. Qf5+ Qe6 38. Qd3+ Ke7 39. Qe3 Qd6+ 40. Ka2 Qd5+ 41. Kb1 Ke6 42. Qh3+ Kd6 43. Qa3+ Qc5 44. Qd3+ Qd4 45. Qa6+ Ke7 46. Qxa5 Qg1+ 47. Ka2 Qxg5 48. Qc5+ Ke6 49. Qc6+ Kf5 50. Qf3+ Qf4 51. Qh3+ Kg6 52. Qg2+ Kf6 53. Qc6+ Kg7 54. Qg2+ Kh6 55. Qh3+ Kg6 56. Qg2+ Qg5 57. Qe4+ Kg7 58. b4 Qd2+ 59. Kb3 Qd6 60. Qg4+ Kf6 61. Qh4+ Ke6 62. Qh6+ f6 63. Qe3 Qd5+ 64. Ka4 Qa2+ 65. Kb5 f5 66. Qh6+ Kd5 67. Qc6+ Kd4 68. Qc5+ Ke4 69. Qc6+ Qd5+ 70. Qc5 f4 71. Qxd5+ Kxd5 72. Kb6 f3 73. b5 f2 74. Ka7 f1=Q 75. b6 Qb5 76. b7 Kc6 77. b8=Q Qa5# 0-1


[Site "https://www.chess.com"]

[Event "Titled Tuesday Blitz August 22 Early 2023"]
[White "Javakhadze, Zurab"]
[Black "Skaric, Djuro"]
[WhiteFideId "13603647"]
[BlackFideId "934569"]
[WhiteElo "2713"]
[BlackElo "2374"]
[Result "1-0"]
[Round "10"]
[TimeControl "180+1"]
[Date "2023.08.22"]
[WhiteClock "0:01:15"]
[BlackClock "0:01:05"]
[Board "45"]

1. d4 d6 2. Nf3 g6 3. e4 Bg7 4. Bd3 Nf6 5. O-O O-O 6. c3 Nc6 7. Nbd2 e5 8. dxe5 dxe5 9. Nc4 Nd7 10. h3 h6 11. Qe2 Nb6 12. Ne3 Be6 13. a4 a5 14. Bb5 Qe7 15. Nd2 f5 16. Ndc4 Nxc4 17. Bxc4 Bxc4 18. Qxc4+ Kh7 19. b3 Qf7 20. Ba3 Qxc4 21. Nxc4 Rf7 22. Rad1 fxe4 23. Rfe1 Re8 24. Rxe4 g5 25. f3 Kg6 26. Ne3 h5 27. Kf2 Bh6 28. Ke2 g4 29. hxg4 Bxe3 30. gxh5+ Kxh5 31. Kxe3 Kg5 32. Rh1 Kg6 33. Rg4+ Kf5 34. Rh6 Re6 35. Rh5+ Kf6 36. Rg8 Rg7 37. Rh6+ Kf7 38. Rf8# 1-0


[Site "https://www.chess.com"]

[Event "Titled Tuesday Blitz August 22 Early 2023"]
[White "Le, Tuan Minh"]
[Black "Herman, Daniel"]
[WhiteFideId "12401153"]
[BlackFideId "30935008"]
[WhiteElo "2979"]
[BlackElo "2472"]
[Result "1-0"]
[Round "10"]
[TimeControl "180+1"]
[Date "2023.08.22"]
[WhiteClock "0:01:07"]
[BlackClock "0:00:00"]
[Board "46"]

1. Nf3 d5 2. e3 c5 3. b3 Nc6 4. Bb2 Bg4 5. h3 Bh5 6. Be2 e6 7. O-O Nf6 8. d4 cxd4 9. Nxd4 Bxe2 10. Qxe2 Bd6 11. Nd2 O-O 12. c4 Nxd4 13. Bxd4 e5 14. Bb2 Qe7 15. cxd5 Nxd5 16. Nc4 Bc7 17. Rfd1 Rfd8 18. Rd2 b5 19. Rad1 bxc4 20. Rxd5 cxb3 21. axb3 Qb4 22. Qc2 Rxd5 23. Rxd5 Qe1+ 24. Kh2 Bb6 25. Bxe5 Re8 26. Bf4 h6 27. Rd1 Qb4 28. Qc6 Re6 29. Qd5 Kh7 30. Qf5+ Kg8 31. Rd7 Rf6 32. Qd5 Kh7 33. Qd3+ g6 34. Bg3 Qc5 35. Qe4 Qf5 36. Qe8 1-0


[Site "https://www.chess.com"]

[Event "Titled Tuesday Blitz August 22 Early 2023"]
[White "Boarish_Male"]
[Black "Leiva, Gianmarco"]
[BlackFideId "3804399"]
[WhiteElo "2612"]
[BlackElo "2741"]
[Result "0-1"]
[Round "10"]
[TimeControl "180+1"]
[Date "2023.08.22"]
[WhiteClock "0:01:10"]
[BlackClock "0:00:21"]
[Board "47"]

1. e4 c5 2. Nf3 d6 3. d4 cxd4 4. Nxd4 Nf6 5. Nc3 a6 6. Bc4 e6 7. Bb3 b5 8. O-O Be7 9. Qf3 Qb6 10. Be3 Qb7 11. Qg3 Nbd7 12. Bxe6 fxe6 13. Nxe6 Rg8 14. Nd5 Nxd5 15. exd5 Nf6 16. Bd4 Nxd5 17. Nxg7+ Kf7 18. Rae1 Nf6 19. Qb3+ Kxg7 20. Re3 Kh8 21. Rfe1 Qxg2# 0-1


[Site "https://www.chess.com"]

[Event "Titled Tuesday Blitz August 22 Early 2023"]
[White "Zhao, Jun"]
[Black "Shahaliyev, Ismayil"]
[WhiteFideId "8602522"]
[BlackFideId "13406388"]
[WhiteElo "2702"]
[BlackElo "2605"]
[Result "0-1"]
[Round "10"]
[TimeControl "180+1"]
[Date "2023.08.22"]
[WhiteClock "0:00:00"]
[BlackClock "0:00:03"]
[Board "48"]

1. c4 e6 2. Nc3 d5 3. d4 Be7 4. Nf3 Nf6 5. Bf4 O-O 6. e3 Nbd7 7. c5 c6 8. Bd3 b6 9. b4 a5 10. a3 Bb7 11. O-O Nh5 12. Qc2 Nxf4 13. exf4 g6 14. g3 Ba6 15. Bxa6 Rxa6 16. b5 cxb5 17. c6 b4 18. Nb5 Nf6 19. Ne5 Ne4 20. c7 Qa8 21. Nc6 Bf6 22. axb4 axb4 23. Rxa6 Qxa6 24. Nca7 b3 25. Qc6 b2 26. c8=Q Rxc8 27. Nxc8 Qa1 28. Qc2 Nd2 29. Rd1 b1=Q 30. Rxb1 Qxb1+ 31. Qxb1 Nxb1 32. Nxb6 Nd2 33. Nd7 Bg7 34. Kg2 Nb3 35. Ne5 f6 36. Nc6 Kf7 37. Nd6+ Kf8 38. Kf3 f5 39. Ke3 Bf6 40. f3 Be7 41. Nb5 Bf6 42. g4 Ke8 43. g5 Bg7 44. h4 Kd7 45. Ne5+ Bxe5 46. fxe5 Na5 47. Nd6 Nc4+ 48. Nxc4 dxc4 49. Kd2 Kc6 50. Kc3 Kd5 51. f4 Ke4 52. Kxc4 Kxf4 53. Kc5 Kg3 54. d5 f4 55. dxe6 f3 56. e7 f2 57. e8=Q f1=Q 58. e6 Qc1+ 59. Kd6 Qa3+ 60. Kd7 Qa7+ 61. Kd6 Qa3+ 62. Kd5 Qb3+ 63. Kc5 Qa3+ 64. Kb6 Qb4+ 65. Kc7 Qa5+ 66. Kb7 Qb4+ 67. Ka6 Qd6+ 68. Kb5 Qe5+ 69. Kc6 Qc3+ 70. Kd7 Qd4+ 71. Ke7 Kxh4 0-1


[Site "https://www.chess.com"]

[Event "Titled Tuesday Blitz August 22 Early 2023"]
[White "Ibadov, Dashgyn"]
[Black "Skliarov, Viktor"]
[WhiteFideId "24107514"]
[BlackFideId "14106736"]
[WhiteElo "2597"]
[BlackElo "2691"]
[Result "0-1"]
[Round "10"]
[TimeControl "180+1"]
[Date "2023.08.22"]
[WhiteClock "0:00:01"]
[BlackClock "0:00:09"]
[Board "49"]

1. e4 c5 2. Nf3 Nc6 3. Bb5 e6 4. O-O Nge7 5. d4 cxd4 6. Nxd4 Qb6 7. Nxc6 bxc6 8. Bd3 Ng6 9. c4 Be7 10. Nc3 O-O 11. b3 c5 12. Bb2 Bb7 13. Qh5 Nf4 14. Qf3 Nxd3 15. Qxd3 d6 16. f4 f5 17. exf5 Rxf5 18. Qe3 d5 19. cxd5 c4 20. Qxb6 axb6 21. dxe6 Bc5+ 22. Kh1 cxb3 23. axb3 Rxa1 24. Bxa1 Kf8 25. Na4 Be3 26. Nb2 g5 27. Nc4 Bc5 28. Be5 Ke7 29. h3 b5 30. Na5 Bd5 31. Rd1 Kxe6 32. Kh2 gxf4 33. Bc3 b4 34. Re1+ Kd7 35. Bd2 f3 36. gxf3 Rxf3 37. Re2 Bd6+ 38. Kg1 Rxh3 39. Nc4 Bc5+ 40. Kf1 Rh1# 0-1


[Site "https://www.chess.com"]

[Event "Titled Tuesday Blitz August 22 Early 2023"]
[White "Rosen, Eric"]
[Black "Plazuelo Pascual, Juan"]
[WhiteFideId "2032562"]
[BlackFideId "32059566"]
[WhiteElo "2594"]
[BlackElo "2688"]
[Result "0-1"]
[Round "10"]
[TimeControl "180+1"]
[Date "2023.08.22"]
[WhiteClock "0:00:02"]
[BlackClock "0:00:07"]
[Board "50"]

1. e4 c5 2. c3 Nf6 3. e5 Nd5 4. Nf3 d6 5. Bc4 Nb6 6. e6 fxe6 7. Bb3 g6 8. Ng5 c4 9. Bxc4 Nxc4 10. Qa4+ Nc6 11. Qxc4 Qa5 12. d4 Qf5 13. Na3 Bd7 14. Qe2 h6 15. g4 Qd5 16. Ne4 e5 17. Nb5 O-O-O 18. c4 Nxd4 19. cxd5 Nxe2 20. Nxa7+ Kb8 21. Kxe2 Kxa7 22. Be3+ Kb8 23. f3 e6 24. Nc3 Be7 25. Rhd1 h5 26. g5 h4 27. a4 Rh5 28. Ne4 exd5 29. Rxd5 Bc6 30. Rd2 h3 31. Rg1 Rh4 32. Nc3 d5 33. Bb6 Rd7 34. Nb5 Rxa4 35. Nc3 Ra6 36. Bf2 d4 37. Ne4 Bb5+ 38. Ke1 Ra1+ 39. Rd1 Bb4+ 40. Nd2 Ra2 41. Rb1 Bd3 42. Rd1 Rxb2 43. Rg3 Rc7 44. f4 e4 45. Bxd4 Bxd2+ 46. Rxd2 Rc1+ 47. Kf2 Rxd2+ 48. Ke3 Re2# 0-1


[Site "https://www.chess.com"]

[Event "Titled Tuesday Blitz August 22 Early 2023"]
[White "GaiozNigalidze"]
[Black "Arabidze, Meri"]
[BlackFideId "13604040"]
[WhiteElo "2685"]
[BlackElo "2593"]
[Result "1-0"]
[Round "10"]
[TimeControl "180+1"]
[Date "2023.08.22"]
[WhiteClock "0:00:08"]
[BlackClock "0:00:00"]
[Board "51"]

1. c4 e5 2. g3 Nc6 3. Bg2 g6 4. Nc3 Bg7 5. e4 d6 6. d3 Nge7 7. h3 Be6 8. Nge2 Qd7 9. Nd5 h6 10. b4 f5 11. b5 Nd8 12. Bb2 O-O 13. a4 c6 14. Nxe7+ Qxe7 15. Qd2 Qf7 16. exf5 Bxf5 17. O-O d5 18. bxc6 bxc6 19. cxd5 cxd5 20. Qa5 e4 21. Bxg7 Kxg7 22. Nf4 Ne6 23. Nxd5 Ng5 24. Qc3+ Kh7 25. dxe4 Nxe4 26. Qc7 Qxc7 27. Nxc7 Rac8 28. Nb5 a6 29. Nd4 Nc3 30. Bb7 Rcd8 31. Nxf5 gxf5 32. Bxa6 f4 33. Rfc1 Ne4 34. Rc7+ Kh8 35. g4 f3 36. Re1 Ng5 37. Kh2 Rd2 38. Kg3 h5 39. h4 Nf7 40. Ree7 Kg7 41. Bc4 hxg4 42. Rxf7+ Rxf7 43. Rxf7+ Kg6 44. Rb7 Kh5 45. Rb5+ Kh6 46. Be6 Rd4 47. a5 1-0


[Site "https://www.chess.com"]

[Event "Titled Tuesday Blitz August 22 Early 2023"]
[White "Badelka, Olga"]
[Black "Djordjevic, Vuk"]
[WhiteFideId "13509926"]
[BlackFideId "902098"]
[WhiteElo "2581"]
[BlackElo "2685"]
[Result "0-1"]
[Round "10"]
[TimeControl "180+1"]
[Date "2023.08.22"]
[WhiteClock "0:00:00"]
[BlackClock "0:00:05"]
[Board "52"]

1. c4 e5 2. Nc3 Nc6 3. g3 g6 4. Bg2 Bg7 5. d3 d6 6. Rb1 Be6 7. b4 Qd7 8. b5 Nd8 9. e3 Ne7 10. h4 h6 11. h5 g5 12. Nf3 O-O 13. Nd2 f5 14. Qc2 g4 15. Bb2 Rb8 16. a4 Nf7 17. Nd5 Ng5 18. Kd1 c6 19. Nxe7+ Qxe7 20. bxc6 bxc6 21. Bxc6 Rfc8 22. Bg2 d5 23. Ke2 dxc4 24. dxc4 Qf7 25. Rhc1 Qxh5 26. Ba3 f4 27. Rxb8 f3+ 28. Kd1 fxg2 29. Rxc8+ Bxc8 30. Ke2 Nh3 31. Qb1 Bf5 32. e4 Be6 33. c5 Bd7 34. c6 Bxc6 35. Qa2+ Kh7 36. Qb1 Bxa4 37. Rg1 Nxg1+ 38. Qxg1 Qh1 0-1


[Site "https://www.chess.com"]

[Event "Titled Tuesday Blitz August 22 Early 2023"]
[White "Postlmayer, Jakob"]
[Black "Pert, Richard G"]
[WhiteFideId "1643622"]
[BlackFideId "404748"]
[WhiteElo "2573"]
[BlackElo "2684"]
[Result "1/2-1/2"]
[Round "10"]
[TimeControl "180+1"]
[Date "2023.08.22"]
[WhiteClock "0:02:01"]
[BlackClock "0:02:11"]
[Board "53"]

1. c4 e6 2. Nc3 d5 3. d4 c5 4. e3 Nf6 5. Nf3 a6 6. a3 dxc4 7. Bxc4 b5 8. Be2 Bb7 9. O-O Nbd7 10. dxc5 Nxc5 11. b4 Ncd7 12. Bb2 Be7 13. Na2 O-O 14. Nc1 Nb6 15. Nb3 Na4 16. Bd4 Bd5 1/2-1/2


[Site "https://www.chess.com"]

[Event "Titled Tuesday Blitz August 22 Early 2023"]
[White "Korchmar, Vasiliy"]
[Black "Ribeiro, Matheus Mendes Domingues"]
[WhiteFideId "24131750"]
[BlackFideId "324226923"]
[WhiteElo "2679"]
[BlackElo "2572"]
[Result "0-1"]
[Round "10"]
[TimeControl "180+1"]
[Date "2023.08.22"]
[WhiteClock "0:00:02"]
[BlackClock "0:00:02"]
[Board "54"]

1. e4 e6 2. d4 d5 3. e5 c5 4. c3 Nc6 5. Nf3 Nge7 6. Na3 cxd4 7. cxd4 Nf5 8. Nc2 f6 9. Bd3 fxe5 10. Bxf5 exf5 11. dxe5 Be6 12. O-O Be7 13. Ncd4 Qd7 14. Bg5 O-O 15. Bxe7 Qxe7 16. Rc1 Rac8 17. Qa4 Nxd4 18. Nxd4 a6 19. Qa3 Qxa3 20. bxa3 Kf7 21. f4 Rc4 22. Rcd1 Rfc8 23. Rf3 Rc1 24. Rxc1 Rxc1+ 25. Kf2 Rc4 26. Ne2 Rc2 27. Rc3 Rxc3 28. Nxc3 d4 29. Ne2 Bxa2 30. Nxd4 g6 31. a4 a5 32. Ke3 Ke7 33. g3 Bf7 34. Ne2 Be8 35. Nc3 Kd7 36. Kd4 Kc6 37. Nb5 Bf7 38. Nc3 Bb3 39. h3 b6 40. g4 fxg4 41. hxg4 h5 42. f5 h4 43. e6 h3 44. Ne4 h2 45. Ng3 Kd6 46. Ke3 Bxa4 47. Kf4 Bc6 48. Kg5 gxf5 49. gxf5 h1=Q 50. Nxh1 Bxh1 51. Kg6 Be4 52. Kf7 Bxf5 53. e7 Bd7 0-1


[Site "https://www.chess.com"]

[Event "Titled Tuesday Blitz August 22 Early 2023"]
[White "Martinez Reyes, Pedro Ramon"]
[Black "Gubajdullin, Alexei"]
[WhiteFideId "3901807"]
[BlackFideId "4141202"]
[WhiteElo "2570"]
[BlackElo "2677"]
[Result "0-1"]
[Round "10"]
[TimeControl "180+1"]
[Date "2023.08.22"]
[WhiteClock "0:00:44"]
[BlackClock "0:00:49"]
[Board "55"]

1. d4 Nf6 2. c4 g6 3. Nc3 Bg7 4. e4 d6 5. Bd3 O-O 6. Nge2 Nc6 7. O-O e5 8. d5 Nd4 9. Rb1 c5 10. dxc6 bxc6 11. b4 d5 12. exd5 cxd5 13. Nxd4 exd4 14. Nxd5 Nxd5 15. cxd5 Bb7 16. a4 Bxd5 17. Bd2 Rc8 18. Re1 Qd6 19. Qg4 Be5 20. h3 h5 21. Qg5 Bf6 22. Qf4 Qxf4 23. Bxf4 Rc3 24. Red1 Bb3 25. Rd2 Rxd3 26. Rxd3 Bc2 27. Rbd1 Bxd1 28. Rxd1 Rc8 29. Bd6 Rc2 30. Bc5 a6 31. Bxd4 Bxd4 32. Rxd4 Ra2 33. a5 Rb2 34. g4 h4 35. Kg2 g5 36. Rd5 f6 37. Rd6 Kf7 38. Rb6 Rb3 39. Kh2 Kg6 40. Kg2 Kf7 41. Rxa6 Rxb4 42. Rb6 Ra4 43. a6 Ra3 44. f3 Kg7 45. Rb7+ Kg6 46. a7 Ra2+ 47. Kf1 f5 48. Rb6+ Kf7 49. gxf5 Rxa7 50. Rg6 Ra1+ 51. Kf2 Ra2+ 52. Ke3 Rh2 53. Rxg5 Rxh3 54. Kf4 Rh1 55. Rh5 h3 56. Ke5 h2 57. Rh7+ Kg8 58. Rh3 Re1+ 0-1


[Site "https://www.chess.com"]

[Event "Titled Tuesday Blitz August 22 Early 2023"]
[White "Moral Garcia, Serafin"]
[Black "Haug, Havard"]
[WhiteFideId "2201925"]
[BlackFideId "1547887"]
[WhiteElo "2561"]
[BlackElo "2647"]
[Result "1-0"]
[Round "10"]
[TimeControl "180+1"]
[Date "2023.08.22"]
[WhiteClock "0:00:55"]
[BlackClock "0:00:28"]
[Board "56"]

1. e4 c6 2. d4 d5 3. exd5 cxd5 4. c4 Nf6 5. Nc3 Nc6 6. Bg5 e6 7. Nf3 Bb4 8. a3 Be7 9. c5 O-O 10. Bd3 a5 11. Rb1 h6 12. Bh4 Nd7 13. Bxe7 Qxe7 14. O-O Qf6 15. Bb5 g6 16. b4 axb4 17. axb4 Ra3 18. Qd2 Kg7 19. Bxc6 bxc6 20. Ra1 Rb3 21. Rfb1 Rxb1+ 22. Rxb1 e5 23. dxe5 Nxe5 24. Nd4 Nc4 25. Qd3 Re8 26. h3 Ba6 27. b5 Bxb5 28. Ncxb5 cxb5 29. Nxb5 Qe6 30. Nc7 Qd7 31. Nxe8+ Qxe8 32. Qxd5 Ne5 33. Rc1 Nc6 34. Rd1 h5 35. h4 Qe2 36. Rb1 Ne5 37. c6 Nd3 38. Qd4+ Kh7 39. c7 Qc2 40. c8=Q Qxc8 41. Qxd3 Qe6 42. g3 Qf6 43. Rb8 Qe7 44. Qd8 Qe1+ 45. Kg2 Qe4+ 46. Kh2 Qe5 47. Qg8+ Kh6 48. Qh8+ Qxh8 49. Rxh8+ Kg7 50. Ra8 Kf6 51. Kg2 Kg7 52. Kf3 Kf6 53. Ra7 Kg7 54. Kf4 Kf6 55. Ra6+ Kg7 56. Kg5 Kf8 57. Kf6 Ke8 58. Ra7 Kd8 59. Rxf7 Ke8 60. Kxg6 Kd8 61. Rh7 Ke8 62. Kxh5 Kf8 63. g4 Kg8 64. Ra7 Kf8 65. Kg6 Ke8 66. h5 Kf8 67. h6 Kg8 68. h7+ Kf8 69. h8=Q# 1-0


[Site "https://www.chess.com"]

[Event "Titled Tuesday Blitz August 22 Early 2023"]
[White "Janaszak, Dawid"]
[Black "Sipila, Vilka"]
[WhiteFideId "1119206"]
[BlackFideId "505455"]
[WhiteElo "2514"]
[BlackElo "2631"]
[Result "1-0"]
[Round "10"]
[TimeControl "180+1"]
[Date "2023.08.22"]
[WhiteClock "0:01:09"]
[BlackClock "0:00:12"]
[Board "57"]

1. e4 d5 2. exd5 Qxd5 3. Nf3 Bg4 4. Be2 Nc6 5. O-O O-O-O 6. Nc3 Qf5 7. h3 h5 8. d3 e6 9. Ng5 Bxe2 10. Nxe2 Be7 11. Ng3 Qg6 12. h4 Nf6 13. b4 Bxb4 14. Rb1 Bc5 15. Qf3 Bd6 16. Be3 Rd7 17. Rxb7 Nd5 18. Rfb1 Qf6 19. Qe4 Qc3 20. Qa4 Kd8 21. N3e4 Qa3 22. Qxc6 Ke7 23. Nxd6 Rxd6 24. Rxc7+ Nxc7 25. Qxc7+ Rd7 26. Bc5+ Kf6 27. Qf4+ 1-0


[Site "https://www.chess.com"]

[Event "Titled Tuesday Blitz August 22 Early 2023"]
[White "Jovic, Stanoje"]
[Black "Shimanov, Aleksandr"]
[WhiteFideId "905020"]
[BlackFideId "4198603"]
[WhiteElo "2545"]
[BlackElo "2911"]
[Result "0-1"]
[Round "10"]
[TimeControl "180+1"]
[Date "2023.08.22"]
[WhiteClock "0:00:00"]
[BlackClock "0:01:04"]
[Board "58"]

1. c4 e5 2. g3 f5 3. Bg2 Nf6 4. d3 d6 5. Nc3 Be7 6. e4 Nc6 7. Nge2 O-O 8. O-O fxe4 9. dxe4 Be6 10. b3 Nb8 11. h3 Nbd7 12. Be3 c6 13. Qd2 a6 14. a4 Nc5 15. Rfb1 a5 16. Nc1 Qe8 17. Nd3 Qh5 18. g4 Bxg4 19. hxg4 Nxg4 20. Nxc5 Qh2+ 21. Kf1 dxc5 22. f3 Qg3 23. Bg1 Rxf3+ 24. Bxf3 Qxf3+ 25. Bf2 Rf8 26. Nd1 Bh4 27. Ra2 Qh1+ 28. Ke2 Qxe4+ 29. Be3 Qxb1 0-1


[Site "https://www.chess.com"]

[Event "Titled Tuesday Blitz August 22 Early 2023"]
[White "Hambleton, Aman"]
[Black "Al-Tarboush, Ward"]
[WhiteFideId "2606577"]
[BlackFideId "7601450"]
[WhiteElo "2820"]
[BlackElo "2539"]
[Result "1-0"]
[Round "10"]
[TimeControl "180+1"]
[Date "2023.08.22"]
[WhiteClock "0:00:07"]
[BlackClock "0:01:43"]
[Board "59"]

1. d4 Nf6 2. Bf4 d5 3. e3 c5 4. c3 Nc6 5. Nd2 Bf5 6. Qb3 Qb6 7. dxc5 Qxc5 8. Qxb7 Rc8 9. Nb3 Qb6 10. Ba6 e5 11. Qxb6 axb6 12. Bxc8 Bxc8 13. Bg3 Ba6 14. Nf3 Bd6 15. Nbd4 exd4 16. Bxd6 dxc3 17. bxc3 Ne4 18. Bb4 Kd7 19. Nd2 Ne5 20. Nxe4 dxe4 21. O-O-O+ Bd3 22. f3 f5 23. Rhe1 Ra8 24. fxe4 fxe4 25. Rd2 Nc4 26. Rf2 Ke6 27. g4 Ra7 28. h4 g6 29. a3 Nxa3 30. Ra2 Nb5 31. Rxa7 Nxa7 32. Kd2 Nc6 33. Ra1 Ne5 34. g5 Nf3+ 35. Kd1 Nxh4 36. Ra7 Ng2 37. Kd2 Nh4 38. Rxh7 Nf3+ 39. Kd1 Nxg5 40. Rg7 Kf5 41. Rb7 Ne6 42. Rxb6 g5 43. Ke1 g4 44. Bd6 Ng5 45. Bf4 Nh3 46. Bg3 Ng5 47. Rc6 Nf3+ 48. Kf2 Nd2 49. Rc5+ Kg6 50. Rc6+ Kf5 51. Rc5+ Kg6 52. Bf4 Nf3 53. Kg3 Be2 54. Rc6+ Kf5 55. c4 Nd2 56. c5 Nb3 57. Rc8 Ke6 58. c6 Ba6 59. Ra8 Nc5 60. c7 Kd7 61. Rd8+ Ke7 62. c8=Q Bxc8 63. Rxc8 Ne6 64. Ra8 Kf6 65. Ra6 Kf5 66. Rxe6 Kxe6 67. Kxg4 Kf6 68. Bg3 Ke6 69. Kf4 Kd5 70. Kf5 Kc4 71. Kxe4 1-0


[Site "https://www.chess.com"]

[Event "Titled Tuesday Blitz August 22 Early 2023"]
[White "Starozhilov, Leonid"]
[Black "Balabayeva, Xeniya"]
[WhiteFideId "14106752"]
[BlackFideId "13719688"]
[WhiteElo "2742"]
[BlackElo "2529"]
[Result "1-0"]
[Round "10"]
[TimeControl "180+1"]
[Date "2023.08.22"]
[WhiteClock "0:00:12"]
[BlackClock "0:00:00"]
[Board "60"]

1. e4 c6 2. d3 d5 3. Nf3 Qc7 4. Nc3 e6 5. g3 Ne7 6. Bg2 Ng6 7. h4 h6 8. O-O Bd6 9. exd5 exd5 10. Re1+ Ne7 11. Nd4 O-O 12. Qh5 Bc5 13. Be3 Bxd4 14. Bxd4 Nf5 15. Be5 Qd8 16. Qf3 Be6 17. Bh3 g6 18. h5 Nd7 19. Bxf5 Bxf5 20. Bf4 Kg7 21. g4 Be6 22. Bd6 Re8 23. hxg6 fxg6 24. Re2 Qg5 25. Qg3 Qxg4 26. Rae1 Qxg3+ 27. fxg3 Kf7 28. Rf2+ Kg7 29. Rfe2 1-0


[Site "https://www.chess.com"]

[Event "Titled Tuesday Blitz August 22 Early 2023"]
[White "Kosteniuk, Alexandra"]
[Black "Lehtosaari, Mauri"]
[WhiteFideId "4128125"]
[BlackFideId "501999"]
[WhiteElo "2736"]
[BlackElo "2527"]
[Result "1-0"]
[Round "10"]
[TimeControl "180+1"]
[Date "2023.08.22"]
[WhiteClock "0:00:09"]
[BlackClock "0:00:00"]
[Board "61"]

1. e4 d5 2. exd5 Qxd5 3. Nc3 Qd8 4. Nf3 Nf6 5. g3 Bg4 6. Bg2 c6 7. O-O e6 8. b3 Be7 9. Bb2 O-O 10. h3 Bxf3 11. Bxf3 Nbd7 12. Bg2 Nb6 13. Ne2 a5 14. c4 a4 15. Qc2 Qd7 16. d4 axb3 17. axb3 Rxa1 18. Rxa1 Ra8 19. Rxa8+ Nxa8 20. Nf4 h6 21. Nd3 Qc7 22. Bc3 Qb8 23. Qa2 Nc7 24. Ne5 Nce8 25. b4 Nd6 26. d5 cxd5 27. cxd5 exd5 28. Bxd5 Nxd5 29. Qxd5 Qc7 30. Qd3 Bf6 31. Kg2 b5 32. f4 Bxe5 33. Bxe5 Qc6+ 34. Kh2 Nc4 35. Bc3 Qe6 36. g4 f6 37. Kg3 Qc6 38. Qf3 Qd7 39. Qe4 Kf7 40. Bd4 Qe7 41. Qd5+ Qe6 42. Qxb5 Qe1+ 43. Bf2 Qc3+ 44. Kg2 Nd2 45. Qd5+ Ke8 46. Qe6+ 1-0


[Site "https://www.chess.com"]

[Event "Titled Tuesday Blitz August 22 Early 2023"]
[White "Estrada Nieto, Julian"]
[Black "Weetik, Vjacheslav"]
[WhiteFideId "5101018"]
[BlackFideId "4153472"]
[WhiteElo "2525"]
[BlackElo "2731"]
[Result "0-1"]
[Round "10"]
[TimeControl "180+1"]
[Date "2023.08.22"]
[WhiteClock "0:00:04"]
[BlackClock "0:00:03"]
[Board "62"]

1. e4 c6 2. d4 d5 3. Nc3 dxe4 4. Nxe4 Bf5 5. Ng3 Bg6 6. h4 h6 7. Nf3 e6 8. h5 Bh7 9. Bd3 Bxd3 10. Qxd3 Nf6 11. Bd2 c5 12. O-O-O Nc6 13. Bc3 Qd5 14. Kb1 O-O-O 15. Qe2 Be7 16. Ne5 Rhf8 17. dxc5 Qxc5 18. Nxf7 Rde8 19. Qxe6+ Kb8 20. Ne5 Ka8 21. Nxc6 bxc6 22. Qf5 Nd5 23. Bd4 Qa5 24. Qg6 Qb5 25. Rhe1 Rb8 26. b3 Bf6 27. Ne4 Bxd4 28. Rxd4 Rb6 29. Qd6 Rfb8 30. Qc5 Qa6 31. Red1 Nb4 32. a4 Nd5 33. Rxd5 cxd5 34. Qxd5+ Qb7 35. Nc5 Qxd5 36. Rxd5 Rc6 37. c3 Re8 38. b4 a5 39. Rf5 axb4 40. cxb4 Re2 41. Rf8+ Ka7 42. Rf7+ Ka8 43. Rf8+ Ka7 44. Rf7+ Kb8 45. Nd7+ Kc8 46. Nc5 Rd6 47. Rf8+ Kc7 48. Rf7+ Kc6 49. Rf8 Rd1# 0-1


[Site "https://www.chess.com"]